Map: Pillars of Gold LE

Players

Encio

  • Race: Terran Terran
  • League: Bronze
  • Spawn Location: 1:00

РеДиС - Winner!

  • Race: Protoss Protoss
  • League: Silver
  • Spawn Location: 7:00

VOD

Have the link to the VOD?

Description

Time

  • Played on: Sept. 8, 2020, 4:51 p.m.
  • Length: 18:39
Show
View Real Time Build Order
Export as new Build Order

Encio Terran 

Build Orders: 2 Factory 

Get SALT Encoding   

  12  0:00  SCV  
  13  0:16  Supply Depot  
  13  0:18  SCV  
  14  0:30  SCV  
  15  0:41  Barracks  
  15  0:42  SCV  
  16  0:49  Refinery  
  16  0:54  SCV  
  17  1:06  SCV  
  18  1:18  SCV  
  18  1:24  Supply Depot  
  19  1:35  Orbital Command  
  19  1:56  Factory  
  19  2:05  SCV  
  20  2:14  Command Center  
  20  2:18  SCV  
  20  2:19  Refinery  
  21  2:30  SCV  
  22  2:39  Factory Tech Lab  
  22  2:44  Factory  
  22  2:49  SCV  
  23  3:01  SCV  
  24  3:06  Siege Tank  
  27  3:39  SCV  
  28  3:47  Factory Tech Lab  
  28  3:51  SCV  
  28  3:52  Hellion  
  31  4:06  Command Center, Refinery  
  31  4:12  SCV  
  31  4:13  Hellion, SCV  
  35  4:20  Siege Tank  
  38  4:24  SCV  
  38  4:25  SCV  
  38  4:31  Armory  
  40  4:37  SCV x2  
  42  4:49  SCV x2  
  44  4:53  Supply Depot  
  44  4:54  Supply Depot  
  44  4:55  Supply Depot  
  44  5:10  SCV x2  
  46  5:15  Siege Tank x2  
  46  5:16  Infernal Pre-Igniter  
  52  5:22  SCV x2  
  52  5:26  Engineering Bay  
  54  5:34  SCV x2  
  56  5:37  Refinery  
  44  5:51  SCV  
  44  5:52  SCV  
  37  6:03  SCV  
  34  6:16  SCV  
  34  6:27  Command Center  
  34  6:28  SCV  
  35  6:36  Thor  
  35  6:37  Thor  
  47  6:56  Orbital Command  
  47  7:07  Missile Turret  
  47  7:12  SCV  
  48  7:17  Orbital Command  
  48  7:24  SCV  
  49  7:36  SCV  
  50  7:38  Thor  
  56  7:56  SCV x2  
  58  8:00  SCV  
  59  8:08  Thor, SCV x2  
  59  8:12  SCV  
  68  8:20  SCV  
  68  8:24  SCV  
  70  8:32  Command Center  
  70  8:36  SCV  
  71  8:52  SCV x3  
  71  8:54  Thor  
  80  9:02  Supply Depot  
  80  9:04  Supply Depot, SCV x2  
  80  9:06  Supply Depot  
  81  9:19  Thor  
  84  9:32  SCV x2  
  84  9:33  SCV  
  87  9:44  SCV  
  87  9:45  SCV x2  
  90  9:51  Missile Turret  
  90  9:56  Thor  
  96  10:02  Thor  
  96  10:06  Command Center  
  102  10:31  Refinery  
  102  10:39  Thor  
  108  11:04  Supply Depot  
  108  11:06  Supply Depot  
  108  11:07  Supply Depot  
  108  11:08  Supply Depot  
  108  11:10  Supply Depot  
  108  11:16  SCV x3  
  108  11:17  Thor  
  117  11:22  Thor  
  123  11:28  SCV x2  
  123  11:29  Terran Vehicle Weapons Level 1  
  125  11:36  Armory  
  125  12:00  Thor, Smart Servos  
  131  12:05  Thor  
  131  12:06  Command Center  
  137  12:11  Factory  
  137  12:50  Thor x2  
  149  12:56  Factory Tech Lab  
  149  12:58  Factory  
  149  13:05  Planetary Fortress  
  149  13:17  Refinery  
  149  13:20  Missile Turret  
  149  13:24  Thor  
  155  13:31  SCV x2  
  155  13:32  Thor x2, SCV  
  170  13:43  SCV x2  
  170  13:44  SCV  
  170  13:47  Terran Vehicle Weapons Level 2  
  173  14:02  Refinery  
  173  14:03  Refinery  
  173  14:06  Thor  
  173  14:09  Missile Turret  
  179  14:11  Missile Turret, Planetary Fortress  
  179  14:16  Thor x2  
  191  14:20  Factory Tech Lab  
  191  14:45  Thor  
  191  14:46  Command Center  
  191  14:51  Terran Vehicle And Ship Armor Level 1  
  197  14:54  Hi-Sec Auto Tracking  
  86  16:19  Thor x3  
  86  16:20  Thor  
  96  16:29  Missile Turret  
  94  16:34  Missile Turret  
  93  16:48  Missile Turret  
  93  16:50  Factory  
  93  16:54  Missile Turret  
  93  17:02  Thor x4  
  117  17:09  Missile Turret  
  117  17:14  Missile Turret  
  117  17:29  Missile Turret  
  117  17:34  Missile Turret  
  117  17:35  Factory  
  117  17:55  Thor x3  
  117  17:56  Thor  
  141  17:59  Factory Tech Lab  
  141  18:07  Starport  
  141  18:19  Factory  
Show
View Real Time Build Order
Export as new Build Order

РеДиС Protoss - Winner!

Build Orders:  

Get SALT Encoding   

  12  0:01  Probe  
  13  0:13  Probe  
  14  0:30  Probe  
  14  0:32  Pylon  
  15  0:38  Assimilator  
  15  0:58  Gateway  
  15  1:08  Gateway  
  15  1:12  Forge  
  15  1:17  Probe  
  16  1:29  Probe  
  17  1:44  Probe  
  18  1:50  Zealot (Chrono Boost)  
  20  1:56  Cybernetics Core  
  22  2:01  Zealot (Chrono Boost)  
  22  2:31  Warp Gate (Chrono Boost)  
  22  2:47  Pylon  
  22  3:05  Stalker, Nexus  
  24  3:11  Adept  
  26  3:26  Photon Cannon  
  26  3:36  Probe  
  29  3:46  Sentry (Chrono Boost)  
  29  3:48  Adept (Chrono Boost)  
  31  4:16  Probe, Stalker  
  34  4:28  Robotics Facility  
  34  4:33  Probe  
  35  4:45  Probe  
  35  4:46  Protoss Ground Weapons Level 1, Gateway  
  35  4:50  Assimilator  
  36  5:00  Pylon  
  36  5:20  Adept x2  
  22  6:30  Immortal  
  26  6:42  Probe  
  26  6:45  Probe  
  28  6:54  Probe  
  28  6:57  Probe  
  30  7:07  Probe  
  31  7:13  Immortal (Chrono Boost)  
  31  7:16  Pylon  
  31  7:19  Pylon  
  35  7:30  Probe  
  35  7:35  Probe  
  37  7:40  Assimilator  
  37  7:43  Probe  
  37  7:44  Warp Prism, Assimilator  
  38  7:47  Probe  
  41  7:54  Stargate  
  41  7:57  Twilight Council  
  41  8:01  Robotics Facility  
  41  8:10  Probe  
  42  8:22  Probe  
  42  8:40  Observer  
  43  8:51  Probe  
  44  8:57  Nexus  
  44  9:01  Observer  
  45  9:03  Probe  
  45  9:09  Adept x2  
  50  9:11  Stalker  
  50  9:15  Probe  
  45  9:53  Protoss Ground Armor Level 1 (Chrono Boost)  
  45  9:58  Blink  
  45  9:59  Void Ray  
  49  10:01  Immortal (Chrono Boost)  
  49  10:02  Immortal (Chrono Boost)  
  57  10:18  Probe  
  58  10:30  Probe  
  59  10:36  Assimilator  
  59  10:37  Void Ray  
  59  10:42  Probe  
  60  10:44  Probe  
  65  10:52  Immortal (Chrono Boost)  
  65  10:53  Assimilator  
  65  10:55  Immortal (Chrono Boost)  
  65  10:57  Probe  
  74  11:11  Stalker  
  76  11:41  Probe  
  77  12:06  Pylon x2  
  77  12:08  Pylon  
  77  12:09  Pylon  
  77  12:13  Stargate  
  77  12:17  Stargate  
  77  12:18  Void Ray  
  77  12:24  Probe, Immortal x2  
  77  12:27  Dark Shrine  
  90  12:36  Probe  
  90  12:48  Probe  
  90  13:00  Probe  
  91  13:10  Nexus  
  91  13:12  Probe  
  92  13:13  Pylon  
  92  13:15  Pylon  
  92  13:17  Pylon  
  92  13:24  Probe, Void Ray (Chrono Boost)  
  92  13:26  Immortal  
  93  13:28  Immortal  
  93  13:32  Void Ray (Chrono Boost)  
  101  13:36  Probe  
  110  13:48  Protoss Ground Weapons Level 2 (Chrono Boost)  
  110  14:04  Immortal  
  114  14:26  Assimilator  
  114  14:30  Assimilator  
  114  14:31  Probe  
  115  14:43  Probe  
  116  14:56  Pylon  
  116  15:05  Observer  
  116  15:08  Observer  
  117  15:18  Probe  
  118  15:25  Nexus  
  118  15:30  Probe  
  119  15:42  Probe  
  120  16:01  Dark Templar  
  120  16:02  Dark Templar  
  100  16:37  Dark Templar x2  
  104  16:51  Immortal  
  104  16:53  Immortal  
  108  17:07  Stalker  
  110  17:12  Stalker  
  110  17:13  Stalker  
  114  17:18  Void Ray  
  114  17:21  Phoenix  
  114  17:22  Phoenix  
  122  17:30  Immortal  
  122  17:32  Immortal  
  130  17:44  Dark Templar x2  
  130  17:45  Phoenix  
  130  17:47  Phoenix  
  130  17:49  Probe  
  139  17:55  Void Ray  
  139  18:01  Probe  
  144  18:13  Probe  
  139  18:25  Probe  
Tags
 
Add a new tag
Caveats
  • Supply blocks, unpowered buildings, or Contaminate may cause inaccurate times.
  • Supply counts are checked every 10 seconds.